 Dungeon Crawl Stone Soup version 0.25-a0-1079-g858b6a6ff6 (webtiles) character file.

Game seed: 12665071985724634239, levelgen mode: classic

11068 Amnesiac the Archer (level 12, -1/97 HPs)
             Began as a Human Hunter on May 15, 2020.
             Was a High Priest of Okawaru.
             Slain by a death scarab (19 damage)
             ... in a Gauntlet.
             The game lasted 00:21:16 (11939 turns).

Amnesiac the Archer (Human Hunter)                 Turns: 11939, Time: 00:21:17

Health: -1/97      AC: 13    Str: 16    XL:     12   Next: 3%
Magic:  17/17      EV: 12    Int: 14    God:    Okawaru [*****.]
Gold:   570        SH:  0    Dex: 13    Spells: 4/11 levels left

rFire    . . .     SeeInvis .   a - +1 shortbow
rCold    . . .     Gourm    .   (shield currently unavailable)
rNeg     . . .     Faith    .   u - +0 steam dragon scales
rPois    +         Spirit   .   v - +0 helmet
rElec    .         Reflect  .   q - +1 cloak
rCorr    .         Harm     .   M - +0 pair of gloves
MR       .....     NoTele   +   (no boots)
Stlth    ++........             (no amulet)
HPRegen  0.26/turn              F - ring of poison resistance
MPRegen  0.15/turn              I - +4 ring of protection

@: slowed, very slow
A: mutation resistance 1
a: Heroism, Finesse, Renounce Religion


You were in a Gauntlet.
You worshipped Okawaru.
Okawaru was extremely pleased with you.
You were not hungry.

You visited 2 branches of the dungeon, and saw 12 of its levels.
You also visited: Gauntlet.

You collected 570 gold pieces.

Inventory:

Hand Weapons
 a - a +1 shortbow (weapon)
 b - a +0 broad axe
 E - a +0 trident
 J - a +0 quarterstaff
Missiles
 y - 101 arrows (quivered)
Armour
 q - a +1 cloak (worn)
 u - +0 steam dragon scales (worn)
 v - a +0 helmet (worn)
 D - a +0 plate armour
 M - a +0 pair of gloves (worn)
Jewellery
 d - an uncursed amulet of guardian spirit
 l - an uncursed ring of flight
 m - an uncursed ring of resist corrosion
 F - a ring of poison resistance (left hand)
 I - a +4 ring of protection (right hand)
 Q - an uncursed ring of wizardry {unknown}
Wands
 s - a wand of acid (1)
 G - a wand of enslavement (2)
 L - a wand of paralysis (6)
 N - a wand of polymorph (4)
 P - a wand of random effects (7)
Scrolls
 c - 3 scrolls of immolation {!r}
 e - 7 scrolls of teleportation {!r}
 h - 3 scrolls of enchant weapon {!r}
 j - 8 scrolls of remove curse {!r}
 n - 3 scrolls of enchant armour {!r}
 w - a scroll of fog {!r, unknown}
Potions
 g - 2 potions of mutation {!q}
 i - 2 potions of flight {!q}
 k - a potion of ambrosia {!q, unknown}
 o - 2 potions of cancellation {!q, unknown}
 p - 2 potions of degeneration {!q, unknown}
 r - 9 potions of curing {!q}
 t - 2 potions of resistance {!q}
 x - a potion of heal wounds {!q}
 z - a potion of lignification {!q}
 A - 3 potions of magic {!q}
 B - a potion of brilliance {!q}
 H - a potion of berserk rage {!q}
 K - a potion of haste {!q}
 O - 3 potions of might {!q, unknown}
Comestibles
 f - 21 rations


   Skills:
 + Level 9.8 Fighting
 * Level 13.6 Bows
 - Level 2.0 Dodging
 - Level 1.0 Stealth
 + Level 6.8 Invocations
 - Level 4.0 Evocations


You had 4 spell levels left.
You knew the following spells:

 Your Spells              Type           Power        Failure   Level  Hunger
a - Call Imp              Summ           #.......     41%         2    ###....
e - Mephitic Cloud        Conj/Pois/Air  #.......     65%         3    ####...
v - Blink                 Tloc           N/A          41%         2    ###....

Your spell library contained the following spells:

 Spells                   Type           Power        Failure   Level  Hunger
 Freeze                   Ice            #...         28%         1    ##.....
 Magic Dart               Conj           #...         28%         1    ##.....
 Slow                     Hex            #.......     41%         2    ###....
 Conjure Flame            Conj/Fire      #.......     65%         3    ####...
 Frozen Ramparts          Ice            #.....       65%         3    ####...
 Ozocubu's Armour         Chrm/Ice       #.......     65%         3    ####...
 Hailstorm                Conj/Ice       #.......     96%         4    #####..
 Summon Ice Beast         Ice/Summ       #.......     96%         4    #####..


Dungeon Overview and Level Annotations

Branches:
Dungeon (11/15)            Temple (1/1) D:6            Lair (0/6) D:10
Gauntlet (1/1)
    Orc: D:9-12

Altars:
Ashenzari
Cheibriados
Dithmenos
Elyvilon
Fedhas
Kikubaaqudgha
Okawaru
Sif Muna
Trog
Wu Jian
Xom
Yredelemnul
Zin
The Shining One

Annotations:
Gauntlet 7 transporters


Innate Abilities, Weirdness & Mutations

You are somewhat resistant to further mutation.


Message History

The death scarab bites you but does no damage.
The death scarab bites you! The death scarab drains your vigour!
You feel yourself slow down.
The death scarab draws strength from your injuries!
Evoke which item? (* to show all) (? for menu, Esc to quit)
Aiming: Enslavement
Press: ? - help, Shift-Dir - straight line, f - death scarab
Aim: a death scarab (chance to defeat MR: 24%)
The death scarab resists with almost no effort.
The death scarab bites you! The death scarab drains your vigour!
You feel as though you will be slow longer.
The death scarab draws strength from your injuries!
The death scarab closely misses you. The spectral spiny frog hits you!
The spectral spiny frog barely misses you.
The death scarab barely misses you.
Evoke which item? (* to show all) (? for menu, Esc to quit)
Aiming: Enslavement
Press: ? - help, Shift-Dir - straight line, f/p - death scarab
Aim: a death scarab (chance to defeat MR: 24%)
The death scarab resists with almost no effort.
The death scarab bites you but does no damage.
The death scarab closely misses you. The death scarab bites you.
The death scarab drains your vigour!
You feel as though you will be slow longer.
The death scarab draws strength from your injuries!
The spectral spiny frog hits you but does no damage.
Evoke which item? (* to show all) (? for menu, Esc to quit)
Aiming: Enslavement
Press: ? - help, Shift-Dir - straight line, f - death scarab, p - death scarab
Aim: a death scarab (chance to defeat MR: 24%)
The death scarab resists with almost no effort.
The death scarab barely misses you.
The death scarab bites you but does no damage.
The spectral spiny frog hits you. The spectral spiny frog hits you!
* * * LOW HITPOINT WARNING * * *
Okay, then.
Really read
C - a scroll labeled ISHUSK YBOOTOC {!r}?
As you read the scroll labeled ISHUSK YBOOTOC {!r}, it crumbles to dust.
The dust glows gleaming orange!
It was a scroll of random uselessness {!r}.
The death scarab bites you!!
* * * LOW HITPOINT WARNING * * *
The death scarab drains your vigour!
You feel as though you will be slow longer.
The death scarab draws strength from your injuries!
The spectral spiny frog barely misses you.
The death scarab bites you!!
* * * LOW HITPOINT WARNING * * *
The death scarab drains your vigour!
You feel as though you will be slow longer.
The death scarab draws strength from your injuries!
The spectral spiny frog closely misses you.
Unknown command.
Really quaff
x - 2 potions of heal wounds {!q}?
You feel much better. The death scarab bites you!
* * * LOW HITPOINT WARNING * * *
The death scarab draws strength from your injuries!
The spectral spiny frog hits you.
* * * LOW HITPOINT WARNING * * *
The death scarab completely misses you. The spectral spiny frog hits you.
* * * LOW HITPOINT WARNING * * *
Okay, then.
The death scarab bites you!!
You die...

≈≈≈#≈≈≈#≈≈≈#≈≈≈#≈≈≈#...8⌠8..8∩8..
.................................
.################################
.#=..ZZZZ#8©8##.#.#.##8©8###..##.
.#.##.##Z#...#.#.#.#.#...#..##..#
.##..#..##...##(#.#Z##...#..#.##.
.#©##©##.#©.©#©#.#.#.#©.©#©#.©#.#
.##Z.#..#######.#s#Z######.#.#.#.
.#.##.##.#...#!#@#Z#Z#...#.##..#.
.#)ZZ....#.8.##.#.#.##.8.##..##.#
.#########...#########...########
.................................
≈≈≈#≈≈≈#≈≈≈#≈≈≈#≈≈≈#≈≈≈#≈≈≈#≈≈≈#≈
#≈###≈###≈###≈###≈###≈###≈###≈###
### ### ### ### ### ### ### ### #


You could see a spectral catoblepas, 2 spectral spiny frogs, a spectral torpor
snail and a death scarab.

Vanquished Creatures
  A sixfirhy (Gauntlet)
  A cyclops (D:8)
  The ghost of bmfx the Sneak, a novice HaAE (D:8)
  Psyche (D:11)
  A wolf (Gauntlet)
  2 trolls
  A meliai (shapeshifter) (Gauntlet)
  Grinder (D:6)
  2 hippogriffs
  A spriggan (D:8)
  2 wyverns
  3 wraiths (D:8)
  6 yaks (D:10)
  A hungry ghost (D:10)
  Menkaure (D:4)
  A steam dragon (D:10)
  3 wargs (D:10)
  A water moccasin (D:10)
  3 orc warriors
  3 phantoms
  An ice beast (D:10)
  3 sky beasts
  4 ogres
  5 centaurs
  2 big kobolds
  8 bullfrogs
  2 gnoll sergeants
  A wyvern skeleton (D:11)
  A water moccasin skeleton (D:6)
  3 scorpions
  11 killer bees
  10 wights
  3 howler monkeys
  2 lava snakes (D:8)
  6 crimson imps
  2 centaur skeletons
  5 hounds
  4 jellies
  9 orc priests
  2 bullfrog skeletons
  6 orc wizards
  5 iguanas
  2 worker ants
  A hound skeleton (D:5)
  Robin (D:2)
  9 adders
  14 gnolls
  A howler monkey skeleton (D:6)
  A shadow imp (D:6)
  3 ufetubi (Gauntlet)
  An adder zombie (D:5)
  2 worms
  A dart slug (D:2)
  7 leopard geckos
  19 orcs
  6 bats
  6 giant cockroaches
  11 goblins
  7 hobgoblins
  8 quokkas
  2 ball pythons
  2 frilled lizards
  14 kobolds
  A leopard gecko skeleton (D:7)
  A quokka zombie (D:5)
  5 rats
256 creatures vanquished.

Vanquished Creatures (collateral kills)
  A moth of wrath (Gauntlet)
  A yak (shapeshifter) (Gauntlet)
  A wolf (Gauntlet)
  A bullfrog (shapeshifter) (Gauntlet)
4 creatures vanquished.

Vanquished Creatures (others)
  A wolf (Gauntlet)
  A killer bee (D:11)
2 creatures vanquished.

Grand Total: 262 creatures vanquished

Notes
Turn   | Place    | Note
-------+----------+-------------------------------------------
     0 | D:1      | Amnesiac the Human Hunter began the quest for the Orb.
     0 | D:1      | Reached XP level 1. HP: 16/16 MP: 1/1
   333 | D:1      | Reached XP level 2. HP: 22/22 MP: 2/2
   947 | D:2      | Reached XP level 3. HP: 19/28 MP: 3/3
  1249 | D:2      | Noticed Robin
  1258 | D:2      | Reached XP level 4. HP: 32/34 MP: 4/4
  1267 | D:2      | Killed Robin
  1267 | D:2      | Reached skill level 5 in Bows
  1965 | D:3      | Found a shattered altar of Ashenzari.
  2106 | D:4      | Reached XP level 5. HP: 41/41 MP: 5/5
  2118 | D:4      | Found a snail-covered altar of Cheibriados.
  2241 | D:4      | Reached skill level 6 in Bows
  2241 | D:4      | Reached XP level 6. HP: 34/48 MP: 6/6
  2418 | D:4      | Found a glowing silver altar of Zin.
  2470 | D:4      | Noticed an ogre
  2487 | D:4      | Killed an ogre
  2510 | D:4      | Noticed Menkaure
  2529 | D:4      | Killed Menkaure
  2529 | D:4      | Reached skill level 7 in Bows
  2529 | D:4      | Reached XP level 7. HP: 24/55 MP: 7/7
  2753 | D:5      | Entered Level 5 of the Dungeon
  2815 | D:5      | You fall into a shaft and drop 2 floors!
  2961 | D:6      | Reached skill level 5 in Fighting
  2961 | D:6      | Reached XP level 8. HP: 51/62 MP: 8/8
  2980 | D:6      | Found a staircase to the Ecumenical Temple.
  3045 | Temple   | Entered the Ecumenical Temple
  3090 | Temple   | Became a worshipper of Warmaster Okawaru
  3152 | D:6      | Reached skill level 8 in Bows
  3587 | D:6      | Reached * piety under Okawaru
  3587 | D:6      | Reached skill level 9 in Bows
  3765 | D:5      | Reached XP level 9. HP: 69/69 MP: 9/9
  3851 | D:5      | Reached skill level 1 in Evocations
  3899 | D:5      | Found an ancient bone altar of Kikubaaqudgha.
  4128 | D:5      | Found a white marble altar of Elyvilon.
  4657 | D:6      | Noticed Grinder
  4680 | D:6      | Killed Grinder
  4883 | D:7      | Reached skill level 10 in Bows
  4928 | D:7      | Reached ** piety under Okawaru
  4972 | D:7      | Found a shattered altar of Ashenzari.
  6567 | D:8      | Reached XP level 10. HP: 36/79 MP: 12/12
  6659 | D:8      | Reached *** piety under Okawaru
  6759 | D:8      | Reached skill level 11 in Bows
  6967 | D:8      | Reached skill level 1 in Invocations
  6991 | D:8      | Noticed a cyclops
  7021 | D:9      | Received a gift from Okawaru
  7632 | D:8      | Reached **** piety under Okawaru
  8209 | D:8      | Killed a cyclops
  8301 | D:8      | Found a runed translucent gate.
  8301 | D:8      | Found a runed translucent gate.
  8303 | D:8      | Found a runed translucent gate.
  8306 | D:8      | Noticed bmfx's ghost (novice HaAE)
  8680 | D:8      | Received a gift from Okawaru
  8680 | D:8      | Reached skill level 12 in Bows
  8707 | D:8      | Killed bmfx's ghost
  8710 | D:8      | Gained mutation: You are somewhat resistant to further
                  | mutation. [potion of mutation]
  8844 | D:8      | Reached XP level 11. HP: 34/87 MP: 14/14
  8935 | D:8      | Learned a level 2 spell: Blink
  8938 | D:8      | Learned a level 2 spell: Call Imp
  8942 | D:8      | Learned a level 3 spell: Mephitic Cloud
  9033 | D:10     | Entered Level 10 of the Dungeon
  9098 | D:10     | Received a gift from Okawaru
  9629 | D:10     | Reached skill level 5 in Invocations
 10037 | D:10     | Found a staircase to the Lair.
 10361 | D:10     | Found a blossoming altar of Fedhas.
 10637 | D:10     | Reached skill level 13 in Bows
 11054 | D:10     | Reached ***** piety under Okawaru
 11356 | D:11     | Noticed Psyche
 11370 | D:11     | Killed Psyche
 11397 | D:11     | Received a gift from Okawaru
 11559 | D:11     | Found a gate leading to a gauntlet.
 11569 | Gauntlet | Entered a Gauntlet
 11569 | Gauntlet | Found a transporter.
 11574 | Gauntlet | Noticed a moth of wrath
 11575 | Gauntlet | Found a transporter.
 11576 | Gauntlet | Found a transporter.
 11581 | Gauntlet | Found a transporter.
 11584 | Gauntlet | Found a transporter.
 11588 | Gauntlet | Found a transporter.
 11592 | Gauntlet | Noticed a sixfirhy
 11593 | Gauntlet | Found a transporter.
 11596 | Gauntlet | Found a transporter.
 11600 | Gauntlet | Found a transporter.
 11602 | Gauntlet | Noticed a death scarab
 11602 | Gauntlet | Noticed a spectral catoblepas
 11603 | Gauntlet | Noticed a death scarab
 11605 | Gauntlet | Found a transporter.
 11609 | Gauntlet | Found a transporter.
 11612 | Gauntlet | Found a transporter.
 11617 | Gauntlet | Found a transporter.
 11620 | Gauntlet | Found a transporter.
 11685 | Gauntlet | Noticed an orb spider
 11685 | Gauntlet | a hornet changed into an orb spider
 11686 | Gauntlet | an orb spider changed into a spriggan
 11710 | Gauntlet | Killed a moth of wrath
 11748 | Gauntlet | Received a gift from Okawaru
 11814 | Gauntlet | Killed a sixfirhy
 11814 | Gauntlet | Reached XP level 12. HP: 69/97 MP: 17/17
 11937 | Gauntlet | HP: 4/97 [death scarab (23)]
 11939 | Gauntlet | Slain by a death scarab

Illustrated notes

Levels and vault maps discovered:
D:1:      lightli_arrival_lavapool, layout_loops_corners, st_stairs_9
D:2:      layout_loops_ring, first_ration, uniq_robin
D:3:      layout_rooms, ashenzari_conservatory_becter
D:4:      layout_loops_cross, marbit_many_paths, zin_academy, uniq_menkaure
D:5:      layout_basic, kiku_gazebo_pond_becter, lemuel_crystal_altar
D:6:      layout_loops_cross, minmay_temple_entry_sparse_star, st_stairs_13,
          kennysheep_doodads, uniq_grinder
D:7:      layout_basic, minmay_stone_trees_small, cheibrodos_ashenzari_chains
D:8:      layout_loops_corners, gammafunk_ghost_spectres,
          kennysheep_cluttered_room, grunt_pizzeria
D:9:      layout_irregular_city
D:10:     kennysheep_blocky_hall, layout_gridville, erik_lair_orcish_takeover,
          fedhas_altar_2
D:11:     layout_layer_cave, orc_0_dummy, gauntlet_entry_generic, uniq_psyche
Temple:   minmay_crystal_spiral_temple
Gauntlet: gammafunk_gauntlet_77_escape_option [minmay_gauntlet_arena_77_box,
          minmay_gauntlet_arena_77_broken_ladder, minmay_gauntlet_arena_77_mess,
          minmay_gauntlet_arena_77_checkered, minmay_gauntlet_arena_77_braids,
          gauntlet_exit_hidden_loot]

Skill      XL: |  1  2  3  4  5  6  7  8  9 10 11 |
---------------+----------------------------------+-----
Bows           | 5 6 7 9 10 12 13 | 13.6
Fighting       | 3 4 5 6 7 8 9 |  9.8
Evocations     | 3 4 |  4.0
Invocations    | 4 6 |  6.8
Dodging        | |  2.0
Stealth        | |  1.0

Action                   |  1- 3 |  4- 6 |  7- 9 | 10-12 || total
-------------------------+-------+-------+-------+-------++-------
Melee: Short sword       |    36 |       |       |       ||    36
       Broad axe         |       |       |       |    52 ||    52
       Quarterstaff      |       |       |       |     7 ||     7
       Trident           |       |       |       |     4 ||     4
 Fire: Shortbow          |    53 |   119 |   481 |   671 ||  1324
Invok: Heroism           |       |       |       |     1 ||     1
Evoke: Wand              |       |       |     5 |    19 ||    24
  Use: Scroll            |       |       |     1 |    12 ||    13
       Potion            |       |       |       |     8 ||     8
  Eat: Chunk             |     1 |     3 |    13 |    14 ||    31
       Ration            |       |       |       |     1 ||     1
Armor: Leather armour    |     8 |       |       |       ||     8
       Ring mail         |     7 |     8 |    17 |       ||    32
       Plate armour      |       |       |   112 |   148 ||   260
       Steam dragon scal |       |       |       |    98 ||    98
Dodge: Dodged            |    44 |    13 |    65 |   174 ||   296

Table legend:
 A = Non-vault XP
 B = Vault XP
 C = Vault XP percentage of total XP
 D = Non-vault monster count
 E = Vault monster count
 F = Vault count percentage of total count
                 A         B        C        D         E       F
            +---------+---------+-------+---------+---------+-------
      Total |   10851 |    4961 |  31.4 |     218 |      43 |  16.5
            +---------+---------+-------+---------+---------+-------
        D:1 |      17 |       4 |  19.0 |      12 |       2 |  14.3
        D:2 |      50 |      31 |  38.3 |      18 |       9 |  33.3
        D:3 |      26 |       0 |   0.0 |      11 |       0 |   0.0
        D:4 |     311 |     172 |  35.6 |      13 |       1 |   7.1
        D:5 |     308 |       0 |   0.0 |      14 |       0 |   0.0
        D:6 |    1009 |     286 |  22.1 |      21 |       1 |   4.5
        D:7 |    1015 |       0 |   0.0 |      22 |       0 |   0.0
        D:8 |    2191 |    1345 |  38.0 |      40 |       5 |  11.1
        D:9 |    1575 |       0 |   0.0 |      25 |       0 |   0.0
       D:10 |    3289 |    1037 |  24.0 |      30 |      14 |  31.8
       D:11 |    1060 |     439 |  29.3 |      12 |       1 |   7.7
   Gauntlet |       0 |    1647 | 100.0 |       0 |      10 | 100.0
            +---------+---------+-------+---------+---------+-------
